[Event "45th FIDE Olympiad 2024"]
[Site "Budapest"]
[Date "2024.09.16"]
[Round "6.20"]
[White "Vokhidov, Shamsiddin"]
[Black "Smirin, Ilia"]
[Result "1/2-1/2"]
[ECO "B30"]
[WhiteElo "2650"]
[BlackElo "2575"]
[Annotator "TA"]
[PlyCount "123"]
[EventDate "2024.09.05"]
[EventType "team-tourn"]
[EventCountry "HUN"]
[SourceTitle "playchess.com"]
[Source "ChessBase"]
[SourceQuality "1"]
[WhiteTeam "Uzbekistan"]
[BlackTeam "Israel"]
[WhiteTeamCountry "UZB"]
[BlackTeamCountry "ISR"]
[TimeControl "40/5400+30:1800+30"]

1. e4 c5 2. Nf3 Nc6 3. Bb5 e6 4. Bxc6 bxc6 5. d3 Qc7 6. O-O Ne7 7. h4 $1 {[%emt 0:04:10][%mdl 4] now scores much better than the old 7.Ng5. B30: Sicilian: 2...Nc6 3 Bb5, lines without ...g6.} h5 8. e5 Ng6 9. Re1 f6 $146 ({Predecessor:} 9... Be7 10. g3 d6 11. Qe2 f6 12. exd6 Bxd6 13. Qe4 Ne7 14. Na3 e5 15. Nc4 Bf5 16. Nxd6+ Qxd6 {0-1 Laux,D (2260)-Sethuraman,S (2610) Menorca op 1st 2022 (2)}) 10. Nbd2 fxe5 11. Qe2 d6 12. Nc4 Ne7 13. Bg5 Nf5 14. c3 Be7 15. Bxe7 Qxe7 16. g3 O-O 17. Ng5 g6 18. Rad1 Ba6 19. Ne3 Rae8 20. Qc2 Kg7 21. d4 cxd4 22. Nxf5+ exf5 23. cxd4 e4 24. Qxc6 Bb7 25. Qc3 Bd5 26. Rc1 Qb7 27. Qa5 Rc8 28. b3 Bg8 29. Qd2 Bd5 30. Nh3 Rxc1 31. Rxc1 Rc8 32. Rxc8 Qxc8 33. Qg5 e3 34. Qe7+ (34. fxe3 Qc1+ 35. Kf2 Qd2+ 36. Kf1 Qg2+ (36... Qxa2 37. Qe7+ Bf7 38. Qxd6 $11) 37. Ke1 Qh1+ (37... Qxh3 $2 38. Qe7+ Bf7 39. Qxd6 $19) 38. Kd2 Qxh3 $19) (34. Qxe3 $5 Qc2 $8 35. Qe7+ Kg8 36. Qe1 $11 (36. Qxd6 $2 Qd1+ 37. Kh2 Qh1#)) 34... Kg8 35. Qxe3 (35. Qxd6 $2 Qc1+ 36. Kh2 Qh1#) 35... Qc2 $1 36. Qe1 Qxa2 37. b4 Qb2 38. Nf4 Be4 {[%emt 0:00:53] [#]} (38... Bf7 $1 $11 {keeps the balance.}) 39. f3 $1 $16 (39. Nxg6 $6 Qa3 $14) 39... Qxd4+ 40. Kg2 Qb2+ 41. Qf2 (41. Kf1 $16 Bxf3 42. Qe8+ (42. Nxg6 $2 Qg2#) 42... Kh7 43. Qxg6+ Kh8 44. Qe8+ (44. Nxh5 $2 Qg2+ 45. Ke1 Qe2#) (44. Qxf5 Bg4 $16) (44. Qxd6 Qa1+ 45. Kf2 Bg4 $16) 44... Kh7 45. Qf7+ (45. Nxh5 $2 Qg2+ 46. Ke1 Qg1+ 47. Kd2 Qd1+ 48. Ke3 Bxh5 $19) 45... Qg7 46. Qxf5+ Kg8 47. Qe6+ (47. Nxh5 Qa1+ 48. Kf2 Bxh5 $11) 47... Kh7 48. Kf2 (48. Qxd6 Qxg3 49. Qd3+ Kg8 $14)) 41... Qxf2+ $11 42. Kxf2 Bc6 43. Nxg6 Kg7 44. Nf4 (44. Ne7 $5 Bd7 $8 45. Nd5 $14) 44... Be8 45. Ke3 Kf6 46. Kd4 Bf7 47. Ne2 Ke6 48. Nc3 Kd7 49. Ke3 Kc6 (49... Ke6 $14) 50. Kf4 $18 d5 51. Kxf5 d4 {[%emt 0:00:06] [#]} 52. Ne2 $1 Kd5 (52... d3 53. Nc3 d2 54. g4) 53. Kf6 $2 (53. g4 $16 {Kf6 is the strong threat.} Kc4 54. Nf4 Kxb4 (54... d3 $2 55. Nxd3 Kxd3 56. g5 $16) 55. gxh5 (55. Nxh5 $2 d3 $19)) 53... Be8 $11 54. g4 d3 55. Nf4+ Kd4 56. Nxd3 $1 (56. Nxh5 Bxh5 (56... d2 $2 57. Ng7 $19) 57. gxh5 d2 58. h6 d1=Q (58... d1=R $2 59. h7 $18) 59. h7 Qxf3+ 60. Kg7 Qg3+ 61. Kh6 Qxh4+ 62. Kg7 Qg5+ (62... Qxh7+ {is a self mate.} 63. Kxh7 Kc4 64. Kh8 Kxb4 65. Kg8 a5 66. Kg7 Kc5 67. Kh8 a4 68. Kg7 a3 69. Kh7 Kd5 70. Kh6 a2 71. Kg5 a1=Q 72. Kf4 Qa3 73. Kf5 Qf3+ 74. Kg6 Ke6 75. Kh6 Kf6 76. Kh7 Qb7+ 77. Kh8 Qg7#) 63. Kf7 Qh6 64. h8=R Qxh8 65. Ke6 Qe5+ 66. Kf7 Qf5+ 67. Kg7 Ke5 68. b5 Qf6+ 69. Kg8 Qg6+ 70. Kf8 Ke6 71. b6 Qf7#) (56. gxh5 $2 {too greedy.} d2 57. Ke7 d1=Q $19 (57... d1=R 58. Kxe8 Ke3 59. h6 $11)) 56... Kxd3 57. g5 (57. Kg5 $5 Bc6 $8 58. gxh5 Bxf3 59. h6 $11) 57... Bc6 (57... Ke3 $5 58. g6 $8 Bb5 $11) 58. f4 Ke4 59. f5 $1 Bd7 60. Kg6 Be8+ 61. Kf6 Bd7 62. Kg6 1/2-1/2

[Event "45th FIDE Olympiad 2024"]
[Site "Budapest"]
[Date "2024.09.16"]
[Round "6.20"]
[White "Shiferaw, Yalemzewde Mekonnen"]
[Black "Mtsetfwa, Philani"]
[Result "1/2-1/2"]
[WhiteElo "2025"]
[BlackElo "1688"]
[PlyCount "117"]
[EventDate "2024.09.05"]
[EventType "team-tourn"]
[EventCountry "HUN"]
[WhiteTeam "Ethiopia"]
[BlackTeam "Eswatini"]
[WhiteTeamCountry "ETH"]
[TimeControl "40/5400+30:1800+30"]

1. c4 e5 2. g3 Nf6 3. Bg2 Bc5 4. Nf3 d6 5. Nc3 O-O 6. O-O Nc6 7. Na4 Be6 8. Nxc5 dxc5 9. b3 e4 10. Ng5 Bf5 11. Bb2 Re8 12. h4 Qd7 13. f3 exf3 14. exf3 Nd4 15. Kh2 Bd3 16. Re1 Nc2 17. Ne4 Nxe4 18. fxe4 Nxe1 19. Qxe1 f5 20. e5 Be4 21. Bh3 Rad8 22. Bc3 Qd3 23. Qf2 b6 24. Re1 Qc2 25. g4 Rd3 26. Re3 Rxe3 27. Qxe3 fxg4 28. Bxg4 Bf5 29. Bf3 Qd3 30. Qf4 Be6 31. Be4 Qe2+ 32. Kg1 Qg4+ 33. Qxg4 Bxg4 34. Bc6 Re7 35. Kg2 Bf5 36. Kf3 Kf7 37. Kf4 Be6 38. d3 Kf8 39. b4 Rf7+ 40. Ke3 Rf1 41. bxc5 bxc5 42. Ba5 Rf7 43. a3 g6 44. Bc3 h6 45. Be4 g5 46. Bg6 Rg7 47. h5 Bf7 48. Bf5 Bxh5 49. e6 Re7 50. Bf6 Re8 51. Ke4 g4 52. Bh4 Kg7 53. Ke5 Bg6 54. Bf6+ Kh7 55. Bxg4 Bxd3 56. Bh5 Bg6 57. Bf3 Bf7 58. e7 Kg6 59. Be4+ 1/2-1/2

[Event "45th FIDE Olympiad 2024"]
[Site "Budapest"]
[Date "2024.09.16"]
[Round "6.21"]
[White "Giri, Anish"]
[Black "Brkic, Ante"]
[Result "1-0"]
[ECO "B90"]
[WhiteElo "2724"]
[BlackElo "2642"]
[Annotator "TA"]
[PlyCount "129"]
[EventDate "2024.09.05"]
[EventType "team-tourn"]
[EventCountry "HUN"]
[SourceTitle "playchess.com"]
[Source "ChessBase"]
[SourceQuality "1"]
[WhiteTeam "Netherlands"]
[BlackTeam "Croatia"]
[WhiteTeamCountry "NED"]
[BlackTeamCountry "CRO"]
[TimeControl "40/5400+30:1800+30"]

1. e4 c5 2. Nf3 d6 3. d4 cxd4 4. Nxd4 Nf6 5. Nc3 a6 6. Qd3 {[%emt 0:00:10] B90: Sicilian Najdorf: Unusual White 6th moves, 6 Be3 Ng4 and 6 Be3 e5.} g6 7. f3 $5 {[%emt 0:00:53][%mdl 4] An interesting side line.} Bg7 8. Be3 Nbd7 9. Qd2 b5 10. a4 bxa4 $146 ({Predecessor:} 10... b4 11. Nd5 Nxd5 12. exd5 Bb7 13. Nc6 Bxc6 14. dxc6 Ne5 15. Qxb4 Nxc6 16. Qa3 d5 {0-1 Hamdouchi,H (2596)-Nakamura,H (2701) FRA-chT Top 16 Gp Haute 2009 (11)}) 11. Rxa4 Bb7 12. Nb3 O-O 13. Be2 a5 14. O-O Ne5 15. Rfa1 Nc6 16. Bb5 Nd7 17. Bxc6 Bxc6 18. Rxa5 Ne5 19. Rxa8 Bxa8 20. Qe2 Qb8 21. Bd4 Rc8 22. Qb5 Bc6 23. Qxb8 Rxb8 24. Ra6 Bd7 25. Nd5 e6 26. Ne3 Nc6 27. Bxg7 Kxg7 28. Nc4 d5 29. Nc5 dxc4 30. Nxd7 Rc8 31. Nb6 Rc7 32. Nxc4 Nb4 33. Ra4 $1 Nxc2 (33... Rxc4 $2 {too greedy.} 34. c3 $18) 34. Nd6 Rc6 35. e5 Ne3 36. Kf2 Nf5 {[%emt 0:00:20] [#]} (36... Nd5 $1 $14) 37. Rc4 $1 $16 Rb6 38. Nxf5+ gxf5 39. b4 f6 40. exf6+ Kxf6 {[%emt 0:00:01] [#]} 41. f4 $1 e5 (41... Ke7 {might work better.} 42. g3 Ra6) 42. fxe5+ $18 Kxe5 43. Ke3 Kd5 44. Rh4 Rb7 45. g3 Kc6 46. Rd4 Re7+ $2 (46... h6 47. Rh4 Kd5) 47. Kf4 $18 Re2 48. Kxf5 Rxh2 49. Rh4 Rf2+ 50. Kg5 Rf7 51. Kh6 Kd6 52. Rf4 Rb7 53. g4 Ke5 54. Rf5+ Ke6 55. b5 Ra7 56. b6 Rb7 57. Rf1 Ke5 58. g5 Ke4 59. Rf6 Ke5 60. Rc6 Kf4 61. Rc4+ Kf5 62. Rc7 Rxb6+ 63. Kh5 $1 h6 64. Rf7+ ({And not} 64. gxh6 Rb2 65. Rf7+ Ke6 $11) 64... Ke5 65. g6 1-0

[Event "45th FIDE Olympiad 2024"]
[Site "Budapest"]
[Date "2024.09.16"]
[Round "6.21"]
[White "Fancy, Stuart"]
[Black "Mafaaz, Khalid"]
[Result "0-1"]
[WhiteElo "1921"]
[BlackElo "2069"]
[PlyCount "70"]
[EventDate "2024.09.05"]
[EventType "team-tourn"]
[EventCountry "HUN"]
[WhiteTeam "Papua New Guinea"]
[BlackTeam "Pakistan"]
[WhiteTeamCountry "PNG"]
[BlackTeamCountry "PAK"]
[TimeControl "40/5400+30:1800+30"]

1. e4 e5 2. Nf3 Nc6 3. Bc4 Nf6 4. d4 exd4 5. O-O Nxe4 6. Re1 d5 7. Bxd5 Qxd5 8. Nc3 Qa5 9. Nxe4 Be6 10. Bd2 Qd5 11. Bg5 Bd6 12. Bf6 O-O 13. Nxd4 Nxd4 14. Qxd4 Qxd4 15. Bxd4 Rfd8 16. Nxd6 Rxd6 17. Bc3 b6 18. a3 Rad8 19. f3 h6 20. Kf2 a5 21. Re2 a4 22. g4 Rd5 23. Be5 R8d7 24. Bf4 Rb5 25. c3 Bc4 26. Rc2 g5 27. Be3 f5 28. Re1 Rbd5 29. Bc1 f4 30. h4 Kf7 31. hxg5 hxg5 32. Rh1 Kg6 33. Rh8 Rd1 34. Bxf4 gxf4 35. Rf8 Bd3 {0-} 0-1

[Event "45th FIDE Olympiad 2024"]
[Site "Budapest"]
[Date "2024.09.16"]
[Round "6.22"]
[White "Martinovic, Sasa"]
[Black "Van Foreest, Jorden"]
[Result "0-1"]
[ECO "D15"]
[WhiteElo "2563"]
[BlackElo "2696"]
[Annotator "TA"]
[PlyCount "152"]
[EventDate "2024.09.05"]
[EventType "team-tourn"]
[EventCountry "HUN"]
[SourceTitle "playchess.com"]
[Source "ChessBase"]
[SourceQuality "1"]
[WhiteTeam "Croatia"]
[BlackTeam "Netherlands"]
[WhiteTeamCountry "CRO"]
[BlackTeamCountry "NED"]
[TimeControl "40/5400+30:1800+30"]

1. d4 d5 2. c4 c6 3. Nf3 Nf6 4. Nc3 dxc4 5. e4 b5 6. a4 b4 {[%emt 0:06:29] D15: Slav Defence: 4 Nc3 a6 and gambit lines after 4 Nc3 dxc4.} 7. Na2 e6 8. Bxc4 Nxe4 9. O-O Be7 10. Re1 Nf6 11. Ne5 O-O 12. Bg5 a5 13. Nc1 Nd5 14. Bxe7 Nxe7 15. Nb3 $146 ({Predecessor:} 15. Qg4 Ng6 16. Ncd3 Nd7 17. Rad1 Ndxe5 18. dxe5 Qe7 19. Nf4 Rd8 20. Nxg6 hxg6 21. Rxd8+ Qxd8 {1-0 Hakobyan,A (2619)-Bok,B (2620) Saint Louis Spring-A 2024 (4)}) 15... Nd7 16. Bd3 Nxe5 17. Rxe5 Nd5 18. Qc2 g6 19. Qxc6 Bd7 20. Qd6 Rc8 21. Ree1 Qc7 22. Qxc7 Rxc7 23. Nxa5 Ra8 24. Nb3 Rxa4 25. Rxa4 Bxa4 26. Nc5 Be8 27. Ra1 Kf8 28. Ra5 Rc8 29. Be4 Ne7 30. f3 Rd8 31. Nb3 Bc6 32. Kf2 Bxe4 33. fxe4 Nc6 34. Rb5 Nxd4 35. Rxb4 Nc6 36. Rb7 Ne5 37. Ke2 Nd3 38. Na5 h5 39. Ke3 Ne5 40. h3 Rd3+ 41. Ke2 Rg3 42. Kf2 ({Better is} 42. Rb5 $1 $15) 42... h4 $17 43. Rb3 Nc6 $1 44. Rb5 Nxa5 $1 45. Rxa5 Rb3 46. Rg5 Rxb2+ 47. Kf3 Rb3+ 48. Kf2 Rb4 49. Rg4 {[%emt 0:04:59] [#]} g5 (49... Kg7 $1 $17 50. Kf3 f6 51. Rxh4 f5) 50. Rxg5 $2 (50. g3 $1 $15) 50... Rxe4 $19 51. Kf3 f5 $1 52. Rh5 Kg7 53. Rg5+ Kf6 54. Rg8 Ra4 55. Rf8+ Ke5 56. Rh8 Rb4 57. Rh6 Kd5 58. Rh5 Ra4 59. Ke3 Ra3+ 60. Kf2 {[%emt 0:00:15] [#]} (60. Kf4 $17) 60... Ra2+ $1 $19 61. Kf3 $2 {[%emt 0:00:59] [#]} (61. Kf1 Ra4 62. Kg1) 61... e5 $1 $19 62. Rxf5 Kd4 63. Kg4 $2 (63. g3 Ra3+ 64. Kg2) 63... Rxg2+ $19 64. Kxh4 e4 65. Rf8 e3 66. Rd8+ Kc3 67. Rc8+ Kd2 68. Rd8+ Ke1 69. Kh5 e2 70. h4 Rg3 71. Kh6 Kf2 72. Rd2 Kf1 73. Rxe2 Kxe2 74. h5 Kf3 75. Kh7 Kg4 76. h6 Kf5 0-1

[Event "45th FIDE Olympiad 2024"]
[Site "Budapest"]
[Date "2024.09.16"]
[Round "6.22"]
[White "Amer, Karim"]
[Black "McCoy, Tom"]
[Result "1-0"]
[WhiteElo "2081"]
[BlackElo "1883"]
[PlyCount "51"]
[EventDate "2024.09.05"]
[EventType "team-tourn"]
[EventCountry "HUN"]
[WhiteTeam "Pakistan"]
[BlackTeam "Papua New Guinea"]
[WhiteTeamCountry "PAK"]
[BlackTeamCountry "PNG"]
[TimeControl "40/5400+30:1800+30"]

1. d4 e6 2. c4 d5 3. Nc3 a6 4. cxd5 exd5 5. Bf4 c6 6. e3 Bd6 7. Bg3 Ne7 8. Bd3 Bf5 9. Nf3 Bg4 10. O-O O-O 11. Bxh7+ Kh8 12. Bd3 Qc7 13. Rc1 Nd7 14. b4 Nf5 15. Nxd5 Qb8 16. Bxf5 Bxf5 17. Nf4 Nf6 18. Nh4 Bh7 19. Nh5 Ne4 20. Qg4 g5 21. Nf5 Qc8 22. Qxe4 Bxf5 23. Qf3 Be7 24. h3 g4 25. Qf4 Kh7 26. Qe5 1-0

[Event "45th FIDE Olympiad 2024"]
[Site "Budapest"]
[Date "2024.09.16"]
[Round "6.23"]
[White "Warmerdam, Max"]
[Black "Livaic, Leon"]
[Result "0-1"]
[ECO "E94"]
[WhiteElo "2679"]
[BlackElo "2550"]
[Annotator "TA"]
[PlyCount "92"]
[EventDate "2024.09.05"]
[EventType "team-tourn"]
[EventCountry "HUN"]
[SourceTitle "playchess.com"]
[Source "ChessBase"]
[SourceQuality "1"]
[WhiteTeam "Netherlands"]
[BlackTeam "Croatia"]
[WhiteTeamCountry "NED"]
[BlackTeamCountry "CRO"]
[TimeControl "40/5400+30:1800+30"]

1. c4 Nf6 2. Nc3 g6 3. Nf3 Bg7 4. e4 d6 5. d4 O-O 6. Be2 Na6 7. O-O e5 8. Be3 Qe7 9. d5 Ng4 10. Bg5 f6 11. Bh4 {[%emt 0:00:06] White is slightly better.} g5 12. Bg3 f5 13. exf5 Bxf5 14. Re1 Nh6 15. Nd2 Nc5 16. Rc1 a5 17. Bf1 b6 18. Nde4 g4 19. a3 Nf7 20. Nxc5 bxc5 21. Bd3 Bxd3 22. Qxd3 Qg5 23. Rb1 Nh6 24. b4 axb4 25. axb4 cxb4 26. Rxb4 Nf5 27. Ne4 Qg6 {[%emt 0:00:23] Threatens to win with ...h5.} 28. Rb7 h5 $1 {[%emt 0:06:56] Hoping for ...Rf7.} 29. Rxc7 h4 30. Rc6 hxg3 $17 31. hxg3 Qh5 32. c5 dxc5 33. d6 Rad8 34. Rxc5 Qg6 35. Rc6 Nd4 36. Ra6 Qf5 37. Qc4+ Kh8 38. Qd3 $2 (38. Qc1 $17 {was necessary.}) 38... Ne6 $2 (38... Bh6 $19 39. Rea1 Rd7) 39. Qe3 Nd4 $2 (39... Qg6 $17) 40. Qd3 $19 Rb8 (40... Bh6 $19 {has better winning chances. ...Rd7 is the strong threat.} 41. Rea1 Rd7) 41. Qd2 $17 Rbc8 {[%emt 0:04:48] White must now prevent ...Rc2.} 42. Ra7 (42. Qg5 $17 {might work better.}) 42... Rc2 $19 43. Qe3 Rb2 {[%emt 0:00:09] Strongly threatening ...Nc2.} 44. Ra4 (44. Qg5 $142 Qxg5 45. Nxg5 Rbxf2 (45... Rfxf2 46. Ra8+ Rf8 47. Rxf8+ Bxf8 48. d7 $15) 46. d7) 44... Rfb8 {[%emt 0:01:51] aiming for ...Nc2.} 45. Qd3 {[%emt 0:05:35] [#]} (45. Qg5 $19 Qxg5 46. Nxg5) 45... Ne2+ $1 46. Kf1 {[%emt 0:00:04] [#]} Qh7 $1 {[%emt 0:00:29] Weighted Error Value: White=0.31/Black=0.22 (precise) .  Loses game:     	White=1     	---        Missed win:     	---       	Black=1      Mistake:       	White=4     	Black=2      Inaccurate:     	White=4     	Black=1      OK:         	White=14    	Black=17     Best:        	White=2     	Black=4      Strong:       	---       	Black=1      Brilliant:      	---       	Black=1} 0-1

[Event "45th FIDE Olympiad 2024"]
[Site "Budapest"]
[Date "2024.09.16"]
[Round "6.23"]
[White "Jones, Rupert"]
[Black "Momin, Fayzan"]
[Result "1/2-1/2"]
[WhiteElo "1849"]
[BlackElo "2064"]
[PlyCount "67"]
[EventDate "2024.09.05"]
[EventType "team-tourn"]
[EventCountry "HUN"]
[WhiteTeam "Papua New Guinea"]
[BlackTeam "Pakistan"]
[WhiteTeamCountry "PNG"]
[BlackTeamCountry "PAK"]
[TimeControl "40/5400+30:1800+30"]

1. e4 c5 2. Nf3 d6 3. d4 cxd4 4. Nxd4 Nf6 5. Nc3 a6 6. Qf3 g6 7. h3 Bg7 8. Bc4 Nbd7 9. Bb3 Nc5 10. Be3 e5 11. Nde2 Nxb3 12. axb3 Be6 13. Rd1 h6 14. O-O Rc8 15. Rd2 Rc6 16. Nd5 Bxd5 17. exd5 Rc8 18. Nc3 O-O 19. Qe2 Re8 20. f3 Nh5 21. Qf2 Nf4 22. Kh2 Kh7 23. Bb6 Qd7 24. Be3 Rg8 25. Na4 Qe7 26. Nb6 Rcd8 27. c4 g5 28. b4 e4 29. fxe4 Qxe4 30. Qf3 Rge8 31. Bg1 Kg6 32. g3 Qxf3 33. Rxf3 Nh5 34. c5 1/2-1/2

[Event "45th FIDE Olympiad 2024"]
[Site "Budapest"]
[Date "2024.09.16"]
[Round "6.24"]
[White "Kozul, Zdenko"]
[Black "L'ami, Erwin"]
[Result "0-1"]
[ECO "E08"]
[WhiteElo "2515"]
[BlackElo "2628"]
[Annotator "TA"]
[PlyCount "62"]
[EventDate "2024.09.05"]
[EventType "team-tourn"]
[EventCountry "HUN"]
[SourceTitle "playchess.com"]
[Source "ChessBase"]
[SourceQuality "1"]
[WhiteTeam "Croatia"]
[BlackTeam "Netherlands"]
[WhiteTeamCountry "CRO"]
[BlackTeamCountry "NED"]
[TimeControl "40/5400+30:1800+30"]

1. d4 d5 2. c4 e6 3. Nf3 Nf6 4. g3 Bb4+ 5. Bd2 Be7 6. Bg2 c6 7. Qc2 b6 8. O-O Nbd7 9. cxd5 cxd5 10. Rc1 O-O 11. Bf4 Bb7 12. Bc7 Qe8 13. Qb3 Rc8 {[%emt 0:03:48] And now ...Bd6 would win.} 14. Na3 Ne4 15. Nb5 {[%emt 0:10:21] The position is equal.} Ndc5 16. dxc5 bxc5 {[%emt 0:00:15] Strongly threatening ...c4.} 17. Nfd4 {[%emt 0:14:58] Black must now prevent Bxe4.} a6 18. Bxe4 axb5 19. Nxb5 (19. Be5 $11) 19... c4 $1 $17 20. Bxh7+ Kxh7 21. Qc2+ f5 22. Nd6 {[%emt 0:10:30] [#]} (22. Bd6 $17) 22... Qc6 $1 $19 23. Nxc8 Rxc8 $40 {[%emt 0:00:32][%mdl 128] Black attacks with force.} (23... d4 $6 24. f3 Rxc8 25. Bf4 $11) 24. Ba5 $2 {[%emt 0:02:22] White does not recover from this.} (24. Be5 $2 d4 25. f3 Qc5 26. Bxd4 Qxd4+ 27. Kg2 Bf6 $19) (24. Bf4 $17) 24... d4 25. f3 {[%emt 0:00:05] [#]} d3 $1 26. Qd1 (26. Qd2 dxe2) 26... dxe2 27. Qxe2 Qc5+ (27... Qxf3 28. Qxf3 (28. Qxe6 $2 Qg2#) 28... Bxf3 29. Re1 $16) 28. Kg2 Qxa5 29. Qxe6 $2 (29. Rc2 Bd5 30. b3) 29... Qd2+ 30. Kf1 Qd3+ $2 (30... Qxh2 {( -> ...Qh1+)} 31. Qxe7 Qh1+ (31... Bxf3 $2 {perishes.} 32. Qh4+ Qxh4 33. gxh4 $18) 32. Ke2 Qxf3+ (32... Bxf3+ 33. Ke3 $16) 33. Kd2 Qd3+ 34. Ke1 Qxg3+ 35. Ke2 Bf3+ 36. Ke3 Be4+ 37. Kd4 Qf2+ 38. Ke5 Qxb2+ 39. Kf4 Qh2+ 40. Ke3 c3 41. Rd1 c2 42. Qxe4 Qg3+ (42... cxd1=N+ {is a self mate.} 43. Rxd1 Qg3+ 44. Qf3 Re8+ 45. Kd4 Qxf3 46. Rd3 Rd8+ 47. Kc5 Rc8+ 48. Kd6 Qxd3+ 49. Ke7 Rc7+ 50. Ke6 Rd7 51. Ke5 Qe4#) 43. Qf3 cxd1=N+ (43... cxd1=Q 44. Rxd1 Re8+ 45. Kd4 Qxf3 46. Rd3 Rd8+ 47. Kc5 Rc8+ 48. Kd6 Qxd3+ 49. Ke7 Rc7+ 50. Ke6 Rd7 51. Ke5 Qe4#) 44. Rxd1 Re8+ 45. Kd4 Qxf3 46. Rd3 Rd8+ 47. Kc5 Rc8+ (47... Qxd3 48. Kb6 Qc3 49. Kb7 Qc5 50. Ka6 Rd7 51. a4 Ra7#) (47... Rxd3 48. Kb6 Qd5 49. Kc7 Qc5+ 50. Kb8 Qb6+ 51. Kc8 Rd8#) 48. Kb6 Qc6+ (48... Qxd3 49. Kb7 Qc4 50. Kb6 Rc6+ 51. Kb7 Qb5+ 52. Ka8 Ra6#) 49. Ka5 Ra8+ 50. Kb4 Rb8+ 51. Ka5 Qb5#) 31. Qe2 Qxf3+ {[%emt 0:01:24] Weighted Error Value: White=0.81/Black=0.29 (precise) .  Loses game:     	White=1     	---        Mistake:       	White=3     	---        Inaccurate:     	White=3     	Black=1      OK:         	White=6     	Black=5      Best:        	White=2     	Black=3      Strong:       	---       	Black=2      Brilliant:      	---       	Black=1} 0-1

[Event "45th FIDE Olympiad 2024"]
[Site "Budapest"]
[Date "2024.09.16"]
[Round "6.25"]
[White "Vocaturo, Daniele"]
[Black "Vitiugov, Nikita"]
[Result "1/2-1/2"]
[ECO "C48"]
[WhiteElo "2600"]
[BlackElo "2676"]
[Annotator "TA"]
[PlyCount "62"]
[EventDate "2024.09.05"]
[EventType "team-tourn"]
[EventCountry "HUN"]
[SourceTitle "playchess.com"]
[Source "ChessBase"]
[SourceQuality "1"]
[WhiteTeam "Italy"]
[BlackTeam "England"]
[WhiteTeamCountry "ITA"]
[BlackTeamCountry "ENG"]
[TimeControl "40/5400+30:1800+30"]

1. e4 e5 2. Nf3 Nc6 3. Nc3 Nf6 4. Bb5 Nd4 5. Bc4 Bc5 6. Nxe5 Qe7 7. Nf3 ({Of course not} 7. Nxf7 d5 8. Nxd5 Qxf7 9. Nxf6+ Qxf6 10. Qh5+ Qg6 11. Qxg6+ (11. Qxc5 $2 Qxe4+ 12. Kf1 Nxc2 $19) 11... hxg6 $15) ({But not} 7. Bxf7+ Kf8 8. Nd3 (8. f4 d6 $17) 8... Kxf7 $17) 7... d5 {[%emt 0:01:17] Prevents d3} 8. Bxd5 Bg4 {[%emt 0:02:13] [#] aiming for ...Nxd5. White is slightly better.} 9. h3 (9. Bxb7 $2 {loses.} Rb8 10. h3 Bxf3 (10... Rxb7 $2 11. hxg4 Nxe4 12. O-O $18) 11. gxf3 Rxb7 $19) (9. d3 $5) 9... Bxf3 {[%emt 0:10:02] The position is equal.} 10. gxf3 c6 11. Bb3 Nh5 {[%emt 0:01:35] Strongly threatening ...Qh4.} 12. f4 Nxf4 {[%emt 0:04:22] [#] And now ...Qh4 would win.} (12... Qh4 $5 13. Qg4 Nxc2+ 14. Bxc2 Qxf2+ 15. Kd1 Ng3 $11) 13. d3 Qf6 14. Qg4 {[%emt 0:01:06] Inhibits Ng2+.} Bd6 {[%emt 0:05:41][%cal Bc5d6,Bd6e5,Be5d4][%mdl 32] ...h5 would now be deadly.} 15. Be3 Be5 {[%emt 0:03:04] Threatens to win with ...h5.} 16. Bxd4 Bxd4 17. O-O-O O-O 18. Kb1 a5 19. e5 Qxe5 20. Rhe1 Qc7 {[%emt 0:01:30][%cal Od4c3] ...Bxc3! is the strong threat.} 21. Re4 Bxc3 22. Qxf4 Qxf4 23. Rxf4 Be5 24. Re4 Bd6 25. Rde1 g6 26. c3 Kg7 27. d4 Rad8 28. Kc2 Rd7 29. R4e3 Rfd8 30. Bc4 Kf8 31. a3 Re7 {[%emt 0:03:53] Weighted Error Value: White=0.04 (flawless) /Black=0.03 (flawless) .  Inaccurate:     	White=1     	---        OK:         	White=14    	Black=12     Best:        	White=1     	---} 1/2-1/2

[Event "45th FIDE Olympiad 2024"]
[Site "Budapest"]
[Date "2024.09.16"]
[Round "6.25"]
[White "Solomon, Joshua"]
[Black "Asabri, Hussien"]
[Result "0-1"]
[WhiteElo "1587"]
[BlackElo "2196"]
[PlyCount "72"]
[EventDate "2024.09.05"]
[EventType "team-tourn"]
[EventCountry "HUN"]
[WhiteTeam "Antigua and Barbuda"]
[BlackTeam "Libya"]
[BlackTeamCountry "LBY"]
[TimeControl "40/5400+30:1800+30"]

1. d4 Nf6 2. c4 c5 3. d5 d6 4. Nc3 g6 5. Nf3 Bg7 6. e4 O-O 7. Be2 e6 8. O-O exd5 9. cxd5 a6 10. a4 Re8 11. Qc2 Nbd7 12. Bf4 Qe7 13. Rfe1 Nh5 14. Bg5 Bf6 15. Bh6 Ne5 16. Nxe5 Qxe5 17. Qd2 Bd7 18. Kh1 Rab8 19. f4 Qd4 20. Qc2 Qf2 21. Rf1 Qh4 22. Qd3 b5 23. Qf3 b4 24. Nd1 Rxe4 25. Rf2 Rxe2 26. Rxe2 Bg4 27. Qe3 Bxe2 28. g3 Qg4 29. Nf2 Qf3+ 30. Qxf3 Bxf3+ 31. Kg1 Bxb2 32. Re1 Bd4 33. Kf1 b3 34. g4 Nf6 35. g5 Nxd5 36. f5 Ne3+ {0-} 0-1